AoeStats
← Ndrangheta

Glade

510442984Analyzed
1v1 RM · 2d ago on Oct 1, 2026· 35m 42s· 2 players
Game mode
Random Map
Map size
Tiny (2 player)
Population
200
Speed
Normal
Resources
Standard
Victory
Conquest
Starting age
Dark Age
Ending age
Imperial Age
RankedLock teamsTeams togetherTeam positionsShared explorationLock speedFull tech treeHidden civsTurbo modeCheats
Victory
Defeat
🇦🇷 Bohemians · Argentina
1429
+14
🇨🇳 Byzantines · China
1396
-14
纷纷扰扰
6:08 Loom
10:23 Feudal Age
15:05 Castle Age
13:18 Double-Bit Axe
13:14 Horse Collar
17:41 Bow Saw
19:39 Loom
24:03 Pikeman
24:45 Scale Mail Armor
24:55 Forging
25:59 Wheelbarrow
27:48 Hand Cart
32:16 Imperial Age
31:28 Sanctity
31:14 Atonement
31:28 Redemption
35:34 Chemistry
34:43 Crossbowman
Ndrangheta
5:04 Loom
11:36 Feudal Age
15:43 Castle Age
14:51 Double-Bit Axe
14:51 Horse Collar
17:25 Bow Saw
18:49 Wheelbarrow
18:18 Fletching
23:02 Fervor
24:28 Sanctity
24:44 Redemption
26:25 Sanctity
27:14 Atonement
30:24 Imperial Age
28:43 Heavy Plow
28:54 Scale Mail Armor
30:11 Chain Mail Armor
29:18 Pikeman
29:58 Squires
30:14 Forging
31:55 Conscription
32:03 Block Printing
34:26 Plate Mail Armor
35:02 Theocracy
34:52 Illumination
Connection lost

Rejoining the realm…

Still unreachable

The connection could not be restored.

Session expired

The server has moved on; the page needs a fresh start.